General information
- name: BNet
- type: Ladder team game (AT/RT)
- host: Battle.net
- saver: BOBBY-KNIGHT
map: TwilightRuins
- players: 8
- length: 46:33
- speed: Fast
- version: 1.28 W3XP
- replay type: Public
» download(390 KB)
Players
team 1 (winner)
MoonlessNight (
green | 119 APM | 3318 actions | 27:52)
6 Blademaster
2 Wind Walk
3 Critical Strike
1 Bladestorm
» actions
| Assign group hotkey | 23 | |
| Basic commands | 59 | |
| Build / train | 85 | |
| Enter build submenu | 33 | |
| Enter hero's abilities submenu | 6 | |
| Remove unit from queue | 1 | |
| Right click | 1940 | |
| Select / deselect | 261 | |
| Select group hotkey | 817 | |
| Use ability | 93 | |
3318 total
» units
| Peon | 23 | |
| Wind Rider | 8 | |
| Shaman | 3 | |
| Raider | 14 | |
48 total
» upgrades
| Ranged Weapons | 2 | |
| Armor | 1 | |
| Shaman Training | 2 | |
| Envenomed Spears | 1 | |
| Ensnare | 1 | |
| Pillage | 1 | |
8 total
» buildings
| Orc Burrow | 6 | |
| Altar of Storms | 1 | |
| Voodoo Lounge | 1 | |
| War Mill | 1 | |
| Stronghold | 2 | |
| Watch Tower | 12 | |
| Great Hall | 7 | |
| Fortress | 1 | |
| Beastiary | 2 | |
| Spirit Lodge | 1 | |
34 total
» build order
00:11 Orc Burrow
00:17 Altar of Storms
01:10 Voodoo Lounge
01:45 War Mill
02:35 Stronghold
03:30 Orc Burrow
03:32 Watch Tower
03:37 Watch Tower
03:39 Orc Burrow
05:06 Great Hall
05:25 Great Hall
05:30 Fortress
05:34 Beastiary
05:55 Spirit Lodge
06:05 Watch Tower
06:20 Beastiary
07:45 Watch Tower
08:36 Watch Tower
09:51 Watch Tower
11:25 Watch Tower
12:10 Orc Burrow
14:14 Watch Tower
14:19 Watch Tower
14:24 Orc Burrow
17:14 Great Hall
18:06 Great Hall
18:10 Orc Burrow
21:57 Great Hall
22:36 Watch Tower
22:41 Great Hall
23:43 Watch Tower
23:59 Great Hall
24:28 Watch Tower
» items
| Healing Salve | 1 | |
| Lesser Clarity Potion | 5 | |
| Scroll of Speed | 3 | |
| Boots of Speed | 1 | |
| Scroll of Town Portal | 2 | |
| Potion of Lesser Invulnerability | 4 | |
| Scroll of Protection | 1 | |
17 total
RiggedBA (
purple | 55 APM | 2577 actions | 46:30)
7 Archmage
3 Summon Water Elemental
3 Brilliance Aura
1 Mass Teleport
» actions
| Assign group hotkey | 183 | |
| Basic commands | 278 | |
| Build / train | 109 | |
| Enter build submenu | 59 | |
| Enter hero's abilities submenu | 7 | |
| Give item / drop item | 15 | |
| Right click | 775 | |
| Select / deselect | 484 | |
| Select group hotkey | 309 | |
| Use ability | 357 | |
2577 total
» units
| Peasant | 17 | |
| Footman | 4 | |
| Goblin Shredder | 2 | |
| Gryphon Rider | 8 | |
| Goblin Zeppelin | 1 | |
| Goblin Sapper | 4 | |
36 total
» upgrades
| Masonry | 3 | |
| Swords | 3 | |
| Armor | 3 | |
| Animal War Training | 1 | |
| Storm Hammers | 1 | |
| Gunpowder | 3 | |
| Plating | 3 | |
| Cloud | 1 | |
18 total
» buildings
| Altar of Kings | 1 | |
| Barracks | 1 | |
| Farm | 9 | |
| Scout Tower | 44 | |
| Arcane Tower | 4 | |
| Lumber Mill | 1 | |
| Arcane Vault | 1 | |
| Keep | 1 | |
| Town Hall | 2 | |
| Guard Tower | 13 | |
| Castle | 1 | |
| Gryphon Aviary | 4 | |
| Blacksmith | 2 | |
| Workshop | 3 | |
87 total
» build order
00:53 Altar of Kings
00:55 Barracks
00:57 Farm
00:59 Farm
01:08 Farm
01:41 Farm
02:11 Scout Tower
02:39 Arcane Tower
03:20 Lumber Mill
03:37 Arcane Vault
04:14 Keep
04:38 Town Hall
04:40 Scout Tower
04:41 Scout Tower
04:41 Scout Tower
04:41 Scout Tower
05:49 Guard Tower
06:35 Castle
06:41 Scout Tower
06:42 Scout Tower
06:43 Scout Tower
06:44 Scout Tower
07:11 Guard Tower
07:12 Guard Tower
07:50 Guard Tower
07:52 Gryphon Aviary
07:53 Gryphon Aviary
07:54 Gryphon Aviary
07:59 Gryphon Aviary
08:02 Blacksmith
08:05 Blacksmith
08:07 Farm
08:08 Farm
11:03 Town Hall
11:06 Scout Tower
11:07 Scout Tower
11:07 Scout Tower
11:07 Scout Tower
11:09 Scout Tower
11:09 Scout Tower
11:10 Scout Tower
11:10 Scout Tower
11:42 Guard Tower
11:49 Scout Tower
11:50 Scout Tower
11:50 Scout Tower
12:06 Guard Tower
13:31 Scout Tower
13:32 Scout Tower
13:33 Scout Tower
13:34 Scout Tower
13:35 Scout Tower
13:37 Scout Tower
13:37 Scout Tower
13:38 Scout Tower
13:58 Guard Tower
13:59 Arcane Tower
14:01 Arcane Tower
14:02 Guard Tower
14:30 Guard Tower
15:11 Guard Tower
18:02 Scout Tower
18:03 Scout Tower
18:03 Scout Tower
18:03 Scout Tower
18:04 Scout Tower
18:04 Scout Tower
18:05 Scout Tower
18:05 Scout Tower
18:06 Scout Tower
18:06 Scout Tower
18:06 Scout Tower
18:52 Guard Tower
19:03 Scout Tower
19:03 Scout Tower
19:03 Scout Tower
19:05 Scout Tower
19:05 Scout Tower
19:08 Guard Tower
20:04 Farm
20:06 Farm
20:08 Farm
20:12 Guard Tower
20:42 Workshop
20:45 Workshop
20:47 Workshop
21:55 Arcane Tower
» items
| Scroll of Regeneration | 6 | |
| Mechanical Critter | 3 | |
| Periapt of Vitality | 2 | |
| Sentry Wards | 1 | |
| Scroll of Town Portal | 7 | |
| Staff of Sanctuary | 1 | |
| Potion of Invisibility | 2 | |
| Staff of Teleportation | 1 | |
| Potion of Healing | 3 | |
| Scroll of Healing | 1 | |
| Potion of Lesser Invulnerability | 1 | |
28 total

»
Rush_Limbaugh (
pink | 42 APM | 1949 actions | 46:33)
5 Archmage
2 Summon Water Elemental
3 Brilliance Aura
4 Paladin
2 Holy Light
2 Divine Shield
» actions
| Assign group hotkey | 10 | |
| Basic commands | 48 | |
| Build / train | 59 | |
| Enter build submenu | 24 | |
| Enter hero's abilities submenu | 9 | |
| Remove unit from queue | 2 | |
| Right click | 700 | |
| Select / deselect | 282 | |
| Select group hotkey | 719 | |
| Use ability | 93 | |
1949 total
» units
| Peasant | 9 | |
| Rifleman | 14 | |
| Priest | 4 | |
| Sorceress | 2 | |
29 total
» upgrades
| Armor | 2 | |
| Gunpowder | 2 | |
| Long Rifles | 1 | |
| Priest Training | 1 | |
6 total
» buildings
| Altar of Kings | 2 | |
| Farm | 13 | |
| Barracks | 1 | |
| Scout Tower | 1 | |
| Blacksmith | 1 | |
| Arcane Tower | 1 | |
| Arcane Vault | 1 | |
| Keep | 1 | |
| Lumber Mill | 1 | |
| Arcane Sanctum | 1 | |
| Castle | 1 | |
24 total
» build order
01:13 Altar of Kings
01:17 Farm
01:48 Barracks
02:04 Farm
02:38 Scout Tower
02:59 Blacksmith
03:16 Arcane Tower
03:36 Farm
04:20 Farm
05:32 Farm
05:46 Arcane Vault
06:04 Keep
06:50 Farm
08:02 Lumber Mill
08:08 Farm
08:33 Arcane Sanctum
10:38 Farm
11:16 Farm
14:33 Farm
18:05 Castle
18:12 Farm
20:02 Farm
28:11 Altar of Kings
29:45 Farm
» items
| Scroll of Town Portal | 2 | |
| Potion of Lesser Invulnerability | 1 | |
3 total
I8PUZZY (
teal | 79 APM | 3669 actions | 46:33)
5 Far Seer
3 Feral Spirit
2 Chain Lighting
5 Blademaster
2 Wind Walk
3 Critical Strike
» actions
| Assign group hotkey | 45 | |
| Basic commands | 15 | |
| Build / train | 83 | |
| Enter build submenu | 39 | |
| Enter hero's abilities submenu | 10 | |
| Give item / drop item | 2 | |
| Remove unit from queue | 2 | |
| Right click | 1623 | |
| Select / deselect | 728 | |
| Select group hotkey | 972 | |
| Use ability | 137 | |
3669 total
» units
| Peon | 23 | |
| Grunt | 4 | |
| Spirit Walker | 3 | |
| Tauren | 7 | |
| Troll Witch Doctor | 1 | |
38 total
» upgrades
| Melee Weapons | 2 | |
| Armor | 1 | |
| Spirit Walker Training | 2 | |
| Spiked Barricades | 3 | |
| Pulverize | 1 | |
| Reinforced Defenses | 1 | |
| Ranged Weapons | 0 | |
| Witch Doctor Training | 2 | |
| Pillage | 1 | |
13 total
» buildings
| Orc Burrow | 9 | |
| Altar of Storms | 1 | |
| War Mill | 1 | |
| Barracks | 1 | |
| Voodoo Lounge | 1 | |
| Stronghold | 2 | |
| Fortress | 2 | |
| Great Hall | 2 | |
| Spirit Lodge | 2 | |
| Tauren Totem | 2 | |
| Watch Tower | 16 | |
39 total
» build order
00:06 Orc Burrow
00:07 Altar of Storms
01:20 Orc Burrow
01:28 War Mill
02:00 Barracks
02:14 Voodoo Lounge
03:27 Orc Burrow
03:47 Stronghold
03:48 Stronghold
04:27 Orc Burrow
06:26 Fortress
06:26 Fortress
06:59 Great Hall
07:35 Spirit Lodge
08:51 Tauren Totem
08:54 Tauren Totem
10:28 Watch Tower
10:32 Watch Tower
11:59 Watch Tower
12:10 Watch Tower
12:18 Watch Tower
13:19 Orc Burrow
13:21 Orc Burrow
14:04 Watch Tower
14:17 Watch Tower
14:19 Watch Tower
14:22 Watch Tower
14:24 Watch Tower
15:37 Watch Tower
18:51 Spirit Lodge
18:57 Watch Tower
19:12 Watch Tower
19:36 Watch Tower
20:49 Watch Tower
22:16 Orc Burrow
22:18 Orc Burrow
24:19 Great Hall
27:16 Watch Tower
33:31 Orc Burrow
» items
| Healing Salve | 4 | |
| Scroll of Town Portal | 4 | |
| Orb of Lightning | 3 | |
| Lesser Clarity Potion | 1 | |
12 total
team 2 (loser)

»
nicetryno (
yellow | 0 APM | 10 actions | 46:33)
BOBBY-KNIGHT (
red | 63 APM | 2940 actions | 46:33)
7 Blademaster
3 Wind Walk
3 Critical Strike
1 Bladestorm
» actions
| Assign group hotkey | 67 | |
| Basic commands | 99 | |
| Build / train | 93 | |
| Enter build submenu | 47 | |
| Enter hero's abilities submenu | 7 | |
| Give item / drop item | 5 | |
| Right click | 1343 | |
| Select / deselect | 423 | |
| Select group hotkey | 680 | |
| Use ability | 176 | |
2940 total
» units
| Peon | 27 | |
| Goblin Shredder | 3 | |
| Goblin Sapper | 15 | |
| Troll Batrider | 8 | |
| Goblin Zeppelin | 2 | |
55 total
» upgrades
| Ranged Weapons | 2 | |
| Reinforced Defenses | 1 | |
| Liquid Fire | 1 | |
| Ensnare | 1 | |
| Armor | 2 | |
| Melee Weapons | 1 | |
| Pillage | 1 | |
9 total
» buildings
| Altar of Storms | 2 | |
| Orc Burrow | 13 | |
| Voodoo Lounge | 3 | |
| Stronghold | 2 | |
| Great Hall | 4 | |
| War Mill | 2 | |
| Fortress | 4 | |
| Beastiary | 7 | |
| Watch Tower | 45 | |
82 total
» build order
00:06 Altar of Storms
00:15 Orc Burrow
01:02 Voodoo Lounge
02:09 Stronghold
02:55 Great Hall
03:13 Orc Burrow
03:16 War Mill
04:14 Orc Burrow
05:26 Fortress
05:27 Fortress
06:08 Beastiary
06:14 Beastiary
06:55 Beastiary
07:27 Watch Tower
07:27 Watch Tower
07:28 Watch Tower
07:28 Watch Tower
07:29 Watch Tower
09:00 Watch Tower
09:00 Watch Tower
09:00 Watch Tower
09:50 Watch Tower
10:52 Watch Tower
10:56 Watch Tower
12:07 Watch Tower
12:07 Watch Tower
13:03 Watch Tower
13:04 Watch Tower
13:39 Watch Tower
13:39 Watch Tower
13:39 Watch Tower
13:39 Watch Tower
13:40 Watch Tower
13:40 Watch Tower
15:51 Watch Tower
15:52 Watch Tower
15:52 Watch Tower
17:25 Orc Burrow
17:26 Orc Burrow
18:03 Great Hall
18:09 Orc Burrow
18:09 Orc Burrow
20:36 Watch Tower
20:36 Watch Tower
21:24 Watch Tower
21:24 Watch Tower
21:38 Watch Tower
21:39 Watch Tower
21:39 Watch Tower
21:40 Watch Tower
21:40 Watch Tower
21:54 Watch Tower
21:54 Watch Tower
21:55 Watch Tower
21:55 Watch Tower
22:35 Watch Tower
22:36 Watch Tower
23:52 Great Hall
24:34 War Mill
24:43 Great Hall
25:33 Orc Burrow
25:48 Watch Tower
25:48 Watch Tower
27:02 Watch Tower
27:03 Watch Tower
27:03 Watch Tower
28:16 Watch Tower
28:51 Altar of Storms
31:33 Voodoo Lounge
32:21 Voodoo Lounge
32:24 Stronghold
35:33 Fortress
35:33 Fortress
37:16 Beastiary
37:17 Beastiary
37:18 Beastiary
37:18 Beastiary
37:23 Orc Burrow
37:24 Orc Burrow
37:24 Orc Burrow
39:36 Orc Burrow
39:37 Orc Burrow
» items
| Healing Salve | 3 | |
| Potion of Healing | 1 | |
| Orb of Lightning | 1 | |
| Tiny Great Hall | 1 | |
| Staff of Teleportation | 1 | |
| Scroll of Town Portal | 2 | |
| Potion of Lesser Invulnerability | 1 | |
| Claws of Attack +9 | 2 | |
| Health Stone | 1 | |
| Boots of Speed | 1 | |
14 total
OctaviousRump (
orange | 35 APM | 1638 actions | 46:33)
6 Demon Hunter
3 Mana Burn
2 Evasion
1 Metamorphosis
» actions
| Assign group hotkey | 19 | |
| Basic commands | 3 | |
| Build / train | 61 | |
| Enter build submenu | 25 | |
| Enter hero's abilities submenu | 6 | |
| Give item / drop item | 6 | |
| Remove unit from queue | 2 | |
| Right click | 1102 | |
| Select / deselect | 269 | |
| Select group hotkey | 80 | |
| Use ability | 63 | |
1638 total
» units
| Wisp | 30 | |
| Archer | 2 | |
| Huntress | 9 | |
| Mountain Giant | 1 | |
| Makrura Deepseer | 1 | |
43 total
» upgrades
| Druid of the Claw Training | 1 | |
1 total
» buildings
| Altar of Elders | 2 | |
| Moon Well | 7 | |
| Ancient of War | 1 | |
| Hunter's Hall | 1 | |
| Ancient of Wonders | 1 | |
| Tree of Ages | 2 | |
| Tree of Life | 3 | |
| Ancient of Lore | 2 | |
| Ancient Protector | 2 | |
| Tree of Eternity | 1 | |
22 total
» build order
00:07 Altar of Elders
00:11 Moon Well
00:39 Ancient of War
01:27 Moon Well
02:08 Hunter's Hall
02:35 Moon Well
03:00 Ancient of Wonders
03:12 Moon Well
04:13 Moon Well
04:51 Tree of Ages
04:52 Tree of Ages
05:52 Tree of Life
08:43 Moon Well
09:08 Ancient of Lore
09:10 Ancient of Lore
09:40 Ancient Protector
10:05 Ancient Protector
10:57 Tree of Eternity
15:04 Altar of Elders
16:10 Moon Well
25:52 Tree of Life
36:47 Tree of Life
» items
| Boots of Speed | 1 | |
| Scroll of Town Portal | 2 | |
| Potion of Lesser Invulnerability | 1 | |
| Healing Salve | 1 | |
5 total
ANALTOWERS (
blue | 77 APM | 2144 actions | 27:59)
4 Archmage
2 Summon Water Elemental
2 Brilliance Aura
3 Mountain King
2 Storm Bolt
1 Bash
» actions
| Assign group hotkey | 28 | |
| Basic commands | 173 | |
| Build / train | 162 | |
| Enter build submenu | 39 | |
| Enter hero's abilities submenu | 7 | |
| Give item / drop item | 2 | |
| Right click | 1010 | |
| Select / deselect | 353 | |
| Select group hotkey | 225 | |
| Use ability | 145 | |
2144 total
» units
| Peasant | 21 | |
| Footman | 6 | |
| Goblin Shredder | 2 | |
| Priest | 4 | |
| Spell Breaker | 5 | |
| Sorceress | 2 | |
| Flying Machine | 37 | |
77 total
» upgrades
| Lumber Harvesting | 1 | |
| Defend | 1 | |
| Masonry | 1 | |
| Gunpowder | 1 | |
| Plating | 1 | |
| Flak Cannons | 1 | |
| Flying Machine Bombs | 1 | |
| Priest Training | 2 | |
9 total
» buildings
| Altar of Kings | 1 | |
| Farm | 10 | |
| Barracks | 1 | |
| Keep | 4 | |
| Arcane Vault | 2 | |
| Lumber Mill | 2 | |
| Town Hall | 1 | |
| Scout Tower | 13 | |
| Arcane Sanctum | 2 | |
| Guard Tower | 11 | |
| Blacksmith | 2 | |
| Castle | 5 | |
| Workshop | 2 | |
56 total
» build order
00:08 Altar of Kings
00:12 Farm
00:17 Barracks
00:34 Farm
02:54 Keep
02:54 Keep
02:54 Keep
02:54 Keep
02:57 Farm
03:36 Arcane Vault
04:01 Lumber Mill
04:36 Farm
05:29 Arcane Vault
05:43 Farm
05:54 Town Hall
07:28 Scout Tower
07:30 Scout Tower
07:39 Scout Tower
08:02 Farm
08:12 Arcane Sanctum
08:17 Guard Tower
08:17 Guard Tower
08:17 Guard Tower
08:24 Lumber Mill
09:13 Farm
10:14 Arcane Sanctum
10:18 Farm
10:21 Blacksmith
10:33 Castle
10:33 Castle
10:33 Castle
10:33 Castle
11:41 Workshop
12:00 Workshop
16:02 Farm
16:03 Farm
19:58 Scout Tower
19:58 Scout Tower
20:00 Scout Tower
20:01 Scout Tower
20:04 Scout Tower
20:05 Scout Tower
20:07 Scout Tower
20:09 Scout Tower
20:13 Scout Tower
20:28 Blacksmith
20:32 Guard Tower
20:32 Guard Tower
20:32 Guard Tower
20:36 Scout Tower
20:41 Guard Tower
20:41 Guard Tower
20:41 Guard Tower
» items
| Scroll of Regeneration | 3 | |
| Boots of Speed | 1 | |
| Scroll of Town Portal | 2 | |
| Potion of Healing | 1 | |
| Orb of Fire | 1 | |
8 total
Chat log
(00:25 / All) BOBBY-KNIGHT: bobby knight endorsed trump
(00:36 / Allies) ANALTOWERS: easy
(00:40 / Allies) ANALTOWERS: just grab his mine
(00:41 / Allies) BOBBY-KNIGHT: ill take
(00:42 / Allies) ANALTOWERS: and rush
(00:46 / Allies) BOBBY-KNIGHT: ill take
(00:55 / Allies) BOBBY-KNIGHT: they got afker too im surey. he afked last game
(01:04 / Allies) ANALTOWERS: who
(01:14 / Allies) BOBBY-KNIGHT: prup
(01:16 / Allies) OctaviousRump: i got mleee eventually
(01:27 / Allies) ANALTOWERS: ill scout
(01:37 / Allies) BOBBY-KNIGHT: cc
(01:49 / All) RiggedBA: hi
(01:50 / Allies) ANALTOWERS: purp not afk
(01:56 / Allies) BOBBY-KNIGHT: not him i mean
(02:05 / Allies) BOBBY-KNIGHT: tea
(02:06 / Allies) BOBBY-KNIGHT: l
(02:16 / Allies) ANALTOWERS: u said purp
(02:27 / Allies) BOBBY-KNIGHT: we will win relax
(02:39 / Allies) ANALTOWERS: orange scout teal
(03:00 / Allies) BOBBY-KNIGHT: relax. ill get fast bats and kill them
(03:48 / Allies) BOBBY-KNIGHT: get an expo
(03:49 / Allies) BOBBY-KNIGHT: u 2
(05:43 / All) RiggedBA: laggy for anyone else?
(05:51 / All) BOBBY-KNIGHT: no
(06:38 / Allies) BOBBY-KNIGHT: scout
(07:37 / Allies) BOBBY-KNIGHT: wood plz will pay back
(07:47 / Allies) BOBBY-KNIGHT: thx
(07:49 / Allies) ANALTOWERS: i dont have
(08:08 / Allies) BOBBY-KNIGHT: scout
(08:15 / Allies) BOBBY-KNIGHT: omw
(08:53 / Allies) BOBBY-KNIGHT: bought sapper
(09:20 / Allies) BOBBY-KNIGHT: TP
(09:26 / Allies) BOBBY-KNIGHT: tp
(09:26 / Allies) BOBBY-KNIGHT: tp
(09:30 / Allies) ANALTOWERS: wtf
(09:32 / Allies) nicetryno: ill feed
(09:33 / Allies) nicetryno: wood
(09:35 / Allies) ANALTOWERS: they mass tp to defend an expo
(09:47 / Allies) ANALTOWERS: panick mode
(10:30 / Allies) OctaviousRump: help?
(10:36 / Allies) OctaviousRump: nvm
(11:32 / Allies) OctaviousRump: who has aa
(11:35 / Allies) BOBBY-KNIGHT: me
(11:38 / Allies) OctaviousRump: cool
(11:46 / Allies) ANALTOWERS: gotta switch to mass copters
(12:05 / Allies) OctaviousRump: tp?
(12:21 / Allies) OctaviousRump: no?
(12:22 / Allies) OctaviousRump: cool
(12:51 / Allies) ANALTOWERS: bats???????
(13:35 / Allies) ANALTOWERS: redm is a jpoke
(13:38 / Allies) ANALTOWERS: a joke
(14:34 / Allies) OctaviousRump: nice red
(14:53 / Allies) ANALTOWERS: he doesnt talk anymore
(14:58 / Allies) BOBBY-KNIGHT: cuz im focusing
(15:07 / Allies) ANALTOWERS: u just let orange die
(15:18 / Allies) ANALTOWERS: just needed a few bats
(15:19 / Allies) OctaviousRump: to kill 4 towers
(16:07 / Allies) OctaviousRump: mass towees at least
(16:24 / Allies) OctaviousRump: other side
(16:32 / Allies) OctaviousRump: lol not on the side they wont hit
(17:24 / All) RiggedBA: sigh
(17:46 / Allies) ANALTOWERS: suck it purp
(17:59 / Allies) ANALTOWERS: stop whispering me like a girl
(18:48 / Allies) BOBBY-KNIGHT: hit green or teal not purple
(19:18 / Allies) ANALTOWERS: good job red
(19:22 / Allies) ANALTOWERS: u lost us the game
(21:37 / All) ANALTOWERS: HAHA MASS BATS IN A 3VS$ GAME WITH AFK
(21:41 / All) ANALTOWERS: GOOD JOB RED
(21:50 / All) BOBBY-KNIGHT: lawl
(21:55 / All) ANALTOWERS: NOW IM GOING TO WATCH THEM DESTROY U
(22:05 / Allies) BOBBY-KNIGHT: i have a friend on other team who is gonna stab
(22:08 / Allies) BOBBY-KNIGHT: so go ahead
(22:09 / Allies) BOBBY-KNIGHT: idiot
(22:10 / All) ANALTOWERS: WITH LOVE
(22:20 / All) ANALTOWERS: SURE
(22:27 / All) ANALTOWERS: TALK MORE NOOBASS
(22:50 / All) ANALTOWERS: I WILL WATCH YOUR BASE DISAPPEAR
(23:30 / All) ANALTOWERS: HAHAH
(23:39 / All) ANALTOWERS: where is your friend?
(24:25 / Allies) OctaviousRump: gold?
(24:56 / All) ANALTOWERS: lol pupr tking them
(25:01 / All) ANALTOWERS: whata retard
(25:13 / Allies) BOBBY-KNIGHT: WOOD
(25:14 / Allies) BOBBY-KNIGHT: WOOD
(25:14 / Allies) OctaviousRump: 100 plz
(25:23 / All) ANALTOWERS: PURP AND RED ARE 2 FUCKING RETARDS
(25:29 / All) ANALTOWERS: UNINSTALL
(25:38 / All) I8PUZZY: lol
(25:39 / Allies) BOBBY-KNIGHT: scout
(25:43 / All) ANALTOWERS: NOOB TEAMKILLERS
(27:40 / All) ANALTOWERS: LOL
(27:49 / All) ANALTOWERS: THE MOS PATHETIC THING I EVER SAW
(29:48 / All) BOBBY-KNIGHT: i seriously didnt know it was u tping to teal lawl
(29:58 / Allies) BOBBY-KNIGHT: teal hero come
(30:08 / All) RiggedBA: you told me to lawl
(30:11 / All) RiggedBA: then you yell at me when I do
(30:14 / All) BOBBY-KNIGHT: u never said yes tho
(30:31 / All) BOBBY-KNIGHT: look at it from my perspective, there was 3x more chance it was one of ur allies tping to teal
(30:57 / All) RiggedBA: but also look at my perspective, u told me to tp there then yelled when I did lawl
(31:19 / Allies) OctaviousRump: main
(31:26 / All) RiggedBA: this could have been a close one
(31:27 / All) RiggedBA: phew
(31:28 / All) BOBBY-KNIGHT: ain't my fault u never told me
(31:41 / All) RiggedBA: but how is it my fault when I did as you asked
(31:57 / All) BOBBY-KNIGHT: i already told u- there is 3x more chance it was ur allies tping
(32:14 / Allies) OctaviousRump: red make a shop
(32:22 / Allies) OctaviousRump: ty
(32:33 / All) RiggedBA: why'd dumbass blue keep hitting me
(32:39 / All) BOBBY-KNIGHT: cuz u were next to him probably
(32:41 / All) RiggedBA: when there were way easier targets and I was not even attacking
(33:04 / All) BOBBY-KNIGHT: he was talking all game but i never listened
(33:34 / All) RiggedBA: I didn't want to just go end him but he wouldn't stop attacking me
(33:44 / Allies) OctaviousRump: ty
(33:52 / All) Rush_Limbaugh: shut up!
(34:00 / All) RiggedBA: how rude
(34:06 / All) Rush_Limbaugh: you attack me for no reason
(34:11 / All) RiggedBA: I had a good reason
(34:19 / All) Rush_Limbaugh: and...?
(34:22 / All) RiggedBA: I am a stabber, we always attack for good reason
(34:35 / All) BOBBY-KNIGHT: pink is dumb nooob!
(34:36 / All) RiggedBA: you were on my team, see now isn't that a good reason
(35:00 / All) I8PUZZY: sad thingis your going to come back and win red.
(35:08 / All) BOBBY-KNIGHT: uh, i beat u guys 1v4.........
(35:10 / All) Rush_Limbaugh: you never said you were a stabber?
(35:29 / All) RiggedBA: Red won fair and square, he bested us 1v4 which is truly impressive
(35:40 / All) Rush_Limbaugh: okay...
(36:23 / All) RiggedBA: Teal is tking, what a jerk
(36:27 / All) BOBBY-KNIGHT: if pink let am die?
(36:41 / All) RiggedBA: When I tked at your base
(36:44 / All) RiggedBA: I targeted his am
(36:48 / All) RiggedBA: he tped it with all his rifles
(36:59 / All) BOBBY-KNIGHT: oh
(37:00 / All) BOBBY-KNIGHT: ur right
(37:02 / All) RiggedBA: if he sacrificed it and they attacked me together they could have won
(37:45 / All) I8PUZZY: lol
(38:04 / Allies) OctaviousRump: y lol?
(38:33 / All) RiggedBA: It's starting to look a lot like a standoff
(38:55 / All) BOBBY-KNIGHT: lol
(38:56 / All) BOBBY-KNIGHT: oj is a dick
(39:10 / All) Rush_Limbaugh: why?
(39:10 / All) OctaviousRump: oj is clever
(39:18 / All) BOBBY-KNIGHT: oj wouldnt let me sapper his last wisp he blocked me
(39:26 / All) Rush_Limbaugh: is blue here?
(40:55 / All) Rush_Limbaugh: run oj
(41:09 / All) Rush_Limbaugh: darn
(41:14 / All) BOBBY-KNIGHT: get er done
(41:18 / All) Rush_Limbaugh: i liked him
(41:18 / All) BOBBY-KNIGHT: YEEE HAW
(41:23 / All) BOBBY-KNIGHT: GET ERRRRR DONE
(41:33 / All) OctaviousRump: rush these guys blo
(41:38 / All) BOBBY-KNIGHT: listen up
(41:46 / All) BOBBY-KNIGHT: me and purple are friends, this game was fixed
(41:49 / All) BOBBY-KNIGHT: we're gonna leave the game
(41:52 / All) OctaviousRump: no shit
(41:59 / All) BOBBY-KNIGHT: person who leaves wc3 on longest wins
(42:11 / All) Rush_Limbaugh: friends... no way
(42:14 / All) OctaviousRump: k ill go eat food
(42:31 / All) BOBBY-KNIGHT: its gonna be pink vs oj for the championship
(42:36 / All) BOBBY-KNIGHT: we'll whisper u tomorrow if game is still online
(42:43 / All) RiggedBA: don't count out yellow and teal
(42:57 / All) Rush_Limbaugh: is blue here?
(43:10 / All) RiggedBA: blue left, he was a jerk anyawy
(43:26 / All) BOBBY-KNIGHT: trying to make sure pink has nothing
(43:35 / All) RiggedBA: they're all 0/0
(43:56 / All) RiggedBA: come to my main for killing
(45:22 / All) BOBBY-KNIGHT: buying zepplins for oj
(46:23 / All) RiggedBA: Farewell pals
(46:25 / All) BOBBY-KNIGHT: goo luck
(46:28 / All) RiggedBA: May the best internet win
(46:29 / All) BOBBY-KNIGHT: ill whispe ru tomorrow